 Dungeon Crawl Stone Soup version 0.28-a0-384-g9e0c098162 (webtiles) character file.

Game seed: 2554427470287284726

7442 lmSkywalker the Grappler (level 10, -10/74 HPs)
             Began as a Demonspawn Cinder Acolyte on Sept 2, 2021.
             Was a Priest of Ignis.
             Mangled by a manticore (22 damage)
             ... on level 9 of the Dungeon on Sept 3, 2021.
             The game lasted 00:48:07 (12549 turns).

lmSkywalker the Grappler (DsCA)                    Turns: 12549, Time: 00:48:08

Health: -10/74     AC:  8    Str: 21    XL:     10   Next: 93%
Magic:  16/16      EV: 12    Int: 19    God:    Ignis [***...]
Gold:   512        SH:  4    Dex:  8    Spells: 16/18 levels left

rFire   + . .      SeeInvis .     - Unarmed
rCold   . . .      Faith    .   p - +0 buckler
rNeg    . . .      Spirit   .   D - +0 steam dragon scales
rPois   .          Reflect  .   (no helmet)
rElec   .          Harm     .   G - +0 cloak
rCorr   .          Rampage  .   (gloves unavailable)
Will    .....                   c - +0 pair of boots
Stlth   +.........              (no amulet)
HPRegen 0.22/turn               f - +6 ring of strength
MPRegen 0.15/turn               v - +4 ring of slaying

@: spiked
A: claws 3, hooves 2, foul stench 1, spiny 1
a: Renounce Religion, Sea of Fire, Foxfire Swarm, Rising Flame


You were on level 9 of the Dungeon.
You worshipped Ignis.
Ignis was most pleased with you.
You visited 1 branch of the dungeon, and saw 9 of its levels.

You collected 548 gold pieces.
You spent 36 gold pieces at shops.

Inventory:

Hand Weapons
 H - the +7 mace of the Original Sin {antimagic, Str+3 Int+7}
   (You found it on level 6 of the Dungeon)

   It reduces the magical energy of the wielder, and disrupts the spells and
   magical abilities of those it strikes.
   Natural abilities and divine invocations are not affected.
   Str:       It affects your strength (+3).
   Int:       It affects your intelligence (+7).
Missiles
 k - 2 silver javelins
 q - 22 boomerangs
Armour
 c - a +0 pair of boots (worn)
 p - a +0 buckler (worn)
 D - +0 steam dragon scales (worn)
 G - a +0 cloak (worn)
Jewellery
 f - a +6 ring of strength (left claw)
 v - a +4 ring of slaying (right claw)
 w - a +4 ring of evasion
Wands
 a - a wand of acid (7)
 C - a wand of flame (14)
Scrolls
 b - a scroll of fear {unknown}
 d - 2 scrolls of amnesia
 e - 2 scrolls of enchant weapon
 g - 4 scrolls of teleportation
 h - a scroll of summoning {unknown}
 i - 2 scrolls of magic mapping
 l - a scroll of silence {unknown}
 m - 3 scrolls of immolation
 o - 5 scrolls of noise {unknown}
 u - 2 scrolls of vulnerability {unknown}
 y - a scroll of blinking {unknown}
 z - 2 scrolls of enchant armour
Potions
 j - 2 potions of mutation {unknown}
 r - a potion of flight {unknown}
 t - 2 potions of might {unknown}
 x - a potion of curing
 A - 2 potions of magic
 B - a potion of ambrosia {unknown}
 F - a potion of lignification {unknown}


   Skills:
 + Level 5.1 Fighting
 - Level 1.0 Short Blades
 - Level 3.8 Axes
 + Level 3.5 Armour
 + Level 3.5 Dodging
 - Level 1.0 Stealth
 - Level 4.0 Shields
 * Level 11.4 Unarmed Combat
 - Level 4.5 Spellcasting
 - Level 4.3 Fire Magic


You had 16 spell levels left.
You knew the following spells:

 Your Spells              Type           Power      Damage    Failure   Level
a - Scorch                Fire           40%        2d7       3%          2

Your spell library contained the following spells:

 Spells                   Type           Power      Damage    Failure   Level
 Alistair's Intoxication  Tmut/Pois      2%         N/A       98%         5
 Borgnjor's Vile Clutch   Necr/Erth      2%         N/A       98%         5
 Eringya's Noxious Bog    Tmut/Pois      2%         N/A       100%        6


Dungeon Overview and Level Annotations

Branches:
Dungeon (9/15)             Temple (0/1) D:5
   Lair: D:8-11         Orc: D:9-12

Altars:
Xom

Shops:
D:3 =   D:8 ?[!

Annotations:
D:4 Sigmund


Innate Abilities, Weirdness & Mutations

You have claws for hands.
You have hoof-like feet.
You may rarely emit foul miasma when damaged in melee.
You are partially covered in sharp spines.


Message History

The manticore flicks its tail.
The volley of spikes hits you!
The barbed spikes become lodged in your body.
The manticore flicks its tail.
The volley of spikes hits you!
The barbed spikes become lodged in your body.
The manticore flicks its tail.
The volley of spikes hits you!
The barbed spikes become lodged in your body.
It was a potion of magic.
Magic courses through your body.
You scratch the manticore.
The manticore is lightly wounded.
The manticore completely misses you.
The manticore claws you but does no damage.
The manticore misses you.
You claw the manticore!
The manticore is moderately wounded.
The manticore is struck by your spines. The manticore closely misses you.
The manticore claws you!
* * * LOW HITPOINT WARNING * * *
The manticore claws you!
* * * LOW HITPOINT WARNING * * *
You claw the manticore!
The manticore is heavily wounded.
You completely miss the manticore.
The manticore is heavily wounded.
The manticore barely misses you. x2; The manticore claws you.
* * * LOW HITPOINT WARNING * * *
You feel better.
The manticore bites you but does no damage.
The manticore claws you!
* * * LOW HITPOINT WARNING * * *
The manticore barely misses you.
You feel better.
The manticore bites you but does no damage.
The manticore closely misses you. x2
You mangle the manticore!!
The manticore is almost dead.
The manticore bites you!!
You die...

#..#####
#.(#
#..#
#..#
#..#
#..#
#..#
#..#
#.@#
#H.#
....#
##....
#...#
#.### ..
(..


You could see a manticore.

Vanquished Creatures
  A two-headed ogre (D:6)
  An ugly thing (D:9)
  2 cyclopes
  A troll (D:9)
  2 wyverns
  5 yaks (D:9)
  2 steam dragons
  4 water moccasins
  4 orc warriors
  2 sky beasts
  An ice beast (D:7)
  A necrophage (D:6)
  An ogre (D:4)
  3 centaurs
  3 phantoms
  2 kobold brigands (D:8)
  5 bullfrogs
  A gnoll sergeant (D:6)
  A wyvern skeleton (D:7)
  6 killer bees (D:7)
  13 wights
  2 howler monkeys
  A bullfrog zombie (D:7)
  A centaur skeleton (D:4)
  4 centaur zombies
  2 hounds (D:4)
  2 jellies (D:3)
  6 orc priests
  Crazy Yiuf (D:6)
  Jessica (D:3)
  2 scorpion zombies (D:5)
  3 orc wizards (D:7)
  2 howler monkey zombies
  12 gnolls
  3 adders
  A shadow imp (D:5)
  3 ufetubi
  3 worms
  2 dart slugs
  27 orcs
  6 ball pythons
  7 bats
  13 endoplasms
  4 giant cockroaches
  7 goblins
  3 hobgoblins
  6 jackals
  5 quokkas
  3 frilled lizards
  27 kobolds
  4 rats
224 creatures vanquished.

Vanquished Creatures (others)
  A kobold (D:8)
  97 foxfires
  9 fungi
  5 toadstools (D:3)
112 creatures vanquished.

Grand Total: 336 creatures vanquished

Notes
Turn   | Place    | Note
-------+----------+-------------------------------------------
     0 | D:1      | lmSkywalker the Demonspawn Cinder Acolyte began the quest
                  | for the Orb.
     0 | D:1      | Reached XP level 1. HP: 18/18 MP: 2/2
   592 | D:1      | Gained mutation: You are partially covered in sharp spines.
                  | [demonic ancestry]
   592 | D:1      | Reached XP level 2. HP: 24/24 MP: 3/3
   595 | D:1      | Learned a level 2 spell: Scorch
   768 | D:1      | Found a faded altar of an unknown god.
   801 | D:1      | Reached skill level 1 in Stealth
  1231 | D:2      | Gained mutation: You have sharp fingernails. [demonic
                  | ancestry]
  1231 | D:2      | Reached XP level 3. HP: 29/29 MP: 4/4
  1678 | D:2      | Found a shimmering altar of Xom.
  2204 | D:3      | Reached skill level 1 in Short Blades
  2217 | D:3      | Gained mutation: You have large cloven feet. [demonic
                  | ancestry]
  2217 | D:3      | Reached XP level 4. HP: 29/35 MP: 3/6
  2578 | D:3      | Reached skill level 1 in Unarmed Combat
  2602 | D:3      | Reached XP level 5. HP: 16/41 MP: 8/8
  3021 | D:3      | Reached skill level 2 in Unarmed Combat
  3436 | D:3      | Noticed Jessica
  3444 | D:3      | Killed Jessica
  3523 | D:3      | Found Dutejemo's Jewellery Boutique.
  3618 | D:4      | Noticed a phantom
  3668 | D:4      | Noticed an ogre
  3671 | D:4      | Killed an ogre
  3672 | D:4      | Gained mutation: You may rarely emit foul miasma when
                  | damaged in melee. [demonic ancestry]
  3672 | D:4      | Reached XP level 6. HP: 47/47 MP: 5/10
  3943 | D:4      | Noticed Sigmund
  3997 | D:4      | Noticed an orc warrior
  4013 | D:4      | Reached skill level 3 in Unarmed Combat
  4292 | D:4      | Gained mutation: You have hoof-like feet. [demonic
                  | ancestry]
  4292 | D:4      | Reached XP level 7. HP: 52/52 MP: 5/13
  5007 | D:5      | Entered Level 5 of the Dungeon
  5093 | D:5      | Reached skill level 4 in Unarmed Combat
  5095 | D:5      | Found a staircase to the Ecumenical Temple.
  5560 | D:5      | Reached skill level 1 in Shields
  6113 | D:5      | Noticed a two-headed ogre
  6169 | D:6      | Noticed a two-headed ogre
  6364 | D:6      | Gained mutation: You have very sharp fingernails. [demonic
                  | ancestry]
  6364 | D:6      | Reached XP level 8. HP: 58/58 MP: 14/14
  6369 | D:6      | Killed a two-headed ogre
  6370 | D:6      | Reached skill level 6 in Unarmed Combat
  7158 | D:6      | Reached skill level 7 in Unarmed Combat
  7753 | D:6      | Found a runed translucent door.
  7754 | D:6      | Noticed Crazy Yiuf
  7759 | D:6      | Killed Crazy Yiuf
  7760 | D:6      | Gained mutation: You have claws for hands. [demonic
                  | ancestry]
  7760 | D:6      | Reached XP level 9. HP: 45/63 MP: 15/15
  7764 | D:6      | Identified the +7 mace of the Original Sin {antimagic,
                  | Str+3 Int+7}
  8395 | D:7      | Reached skill level 8 in Unarmed Combat
  8422 | D:7      | Noticed a cyclops
  8425 | D:7      | Killed a cyclops
  8441 | D:7      | Reached skill level 9 in Unarmed Combat
  8684 | D:7      | Reached skill level 10 in Unarmed Combat
  9296 | D:7      | Reached XP level 10. HP: 70/70 MP: 16/16
  9793 | D:8      | Found Nasupp's Antique Armour Boutique.
  9976 | D:8      | Noticed a cyclops
 10005 | D:8      | Reached skill level 1 in Armour
 10005 | D:8      | Reached skill level 1 in Dodging
 10225 | D:8      | Found Qubeni Fiot's Magic Scroll Boutique.
 10633 | D:8      | Found Ibeonnot's Distillery.
 10642 | D:8      | Bought a potion of curing for 36 gold pieces
 11019 | D:8      | Killed a cyclops
 11618 | D:9      | Reached skill level 11 in Unarmed Combat
 11773 | D:9      | Noticed a manticore
 12218 | D:9      | Noticed a white ugly thing
 12226 | D:9      | Killed a white ugly thing
 12227 | D:9      | Reached skill level 5 in Fighting
 12549 | D:9      | Mangled by a manticore

Illustrated notes

Levels and vault maps discovered:
D:1:      minmay_arrival_wavy_path, layout_rooms, basic_ecumenical_altar,
          st_stairs_4
D:2:      layout_basic, basic_altar, minivault_5, kennysheep_generic_room_14
D:3:      cheibrodos_fertilizer, layout_basic, serial_shops,
          nicolae_shop_statue_plus, kennysheep_jessica_study
D:4:      layout_gridville, minmay_misc_feat_encased, st_stairs_6, uniq_sigmund
D:5:      lemuel_ice_spiral_2, layout_basic, minmay_temple_entry_junction,
          roderic_lattice_a
D:6:      layout_rooms, minmay_misc_feat_alley, minmay_holes,
          uniq_crazy_yiuf_cottage
D:7:      layout_basic, grunt_ministairs_6, hangedman_decor_slide_cut
D:8:      layout_rooms, serial_shops, shop, shop, shop_scrolls,
          serial_co_window_serial, co_window_corner_a,
          co_window_of_opportunity_a, co_window_of_opportunity_a,
          co_window_corner_a, co_window_of_opportunity_a, co_window_corner_b,
          co_window_corner_b, co_window_broadway_a, co_window_broadway_a,
          co_window_of_opportunity_b, co_window_corner_cb,
          co_window_unsneaky_path_a, glass_columns_a, glass_columns_a,
          glass_columns_a
D:9:      layout_loops_ring, david_lair_shrubbed, minmay_checkerbox

Skill      XL: |  1  2  3  4  5  6  7  8  9 10 |
---------------+-------------------------------+-----
Axes           | 3 |  3.8
Stealth        | 1 |  1.0
Short Blades   | 1 |  1.0
Unarmed Combat | 1 2 3 4 7 10 11 | 11.4
Spellcasting   | 2 3 4 |  4.5
Fire Magic     | 3 4 |  4.3
Shields        | 3 4 |  4.0
Armour         | 3 |  3.5
Dodging        | 3 |  3.5
Fighting       | 5 |  5.1

Action                   |  1- 3 |  4- 6 |  7- 9 | 10-12 || total
-------------------------+-------+-------+-------+-------++-------
Melee: Hand axe          |    84 |       |       |       ||    84
       Dagger            |    17 |    17 |       |       ||    34
       Whip              |       |    54 |    69 |       ||   123
       Kick              |       |    12 |    34 |     3 ||    49
       Punch             |       |       |     3 |       ||     3
       Unarmed           |       |       |    48 |   140 ||   188
       Mace              |       |       |     9 |       ||     9
Throw: Boomerang         |       |       |       |    20 ||    20
 Cast: Scorch            |    10 |    18 |    45 |    12 ||    85
Invok: Foxfire Swarm     |       |       |     4 |     1 ||     5
       Sea of Fire       |       |       |     1 |       ||     1
  Use: Scroll            |       |       |     7 |       ||     7
       Potion            |       |       |       |     4 ||     4
 Stab: Sleeping          |     2 |       |       |     1 ||     3
       Distracted        |       |       |       |     1 ||     1
Armor: Robe              |    16 |     2 |    14 |       ||    32
       Leather armour    |     9 |     5 |       |       ||    14
       Steam dragon scal |       |       |     2 |    33 ||    35
Dodge: Dodged            |    51 |    26 |    67 |    53 ||   197
Block: Buckler           |       |       |     8 |    18 ||    26

Table legend: (Time is in decaauts)
 A = Elapsed time spent in this place.
 B = Non-inter-level travel time spent in this place.
 C = Inter-level travel time spent in this place.
 D = Time resting spent in this place.
 E = Time spent auto-exploring this place.
 F = Levels seen in this place.
 G = Mean time per level.
                   A        B        C        D        E       F      G
               +--------+--------+--------+--------+--------+-----+--------+
         Total |  12543 |  11759 |    784 |   4804 |   2165 |   9 | 1393.7 |
       Dungeon |  12543 |  11759 |    784 |   4804 |   2165 |   9 | 1393.7 |
               +--------+--------+--------+--------+--------+-----+--------+

Top non-repeatable levels by time:
     D:3: 2032 daAuts
     D:7: 1892 daAuts
     D:6: 1659 daAuts
     D:5: 1535 daAuts
     D:8: 1350 daAuts
     D:1: 1125 daAuts
     D:9: 1043 daAuts
     D:4: 989 daAuts
     D:2: 914 daAuts
